 Dungeon Crawl Stone Soup version 0.20-a0-656-g9b0dcd9 (webtiles) character file.

101 Klosterheim the Caller (level 4, 0/45 HPs)
             Began as a Demonspawn Summoner on Feb 17, 2017.
             Succumbed to a worker ant's poison
             ... on level 3 of the Dungeon.
             The game lasted 00:07:24 (4212 turns).

Klosterheim the Caller (Demonspawn Summoner)        Turns: 4212, Time: 00:07:25

Health: 0/45       AC: 22    Str:  9    XL:     4   Next: 48%
Magic:  2/7        EV:  2    Int: 17    God:
Gold:   119        SH:  0    Dex: 18    Spells: 3/7 levels left

rFire    . . .     SeeInvis .   r - +0 spear
rCold    . . .     Gourm    .   (armour currently unavailable)
rNeg     + + +     Faith    .   (no shield)
rPois    +         Spirit   .   (helmet currently unavailable)
rElec    .         Reflect  .   (cloak currently unavailable)
rCorr    .         Harm     .   (gloves currently unavailable)
MR       .....     NoTele   +   (boots currently unavailable)
Stlth    +++.......             (no amulet)
Regen    0.2/turn               (no ring)
MPRegen  0.1/turn               (no ring)

@: agile, lethally poisoned (0 -> -7), tree-form, very slightly contaminated
A: (thin metallic scales 0)
a: no special abilities


You were on level 3 of the Dungeon.
You were hungry.
You were a tree.
You visited 1 branch of the dungeon, and saw 4 of its levels.

You collected 119 gold pieces.

Inventory:

Hand Weapons
 r - a +0 spear (weapon)
Armour
 a - a +0 robe
 k - a +0 cloak (melded)
 x - a +0 ring mail (melded)
Scrolls
 f - a scroll of recharging {unknown}
 g - a scroll of magic mapping {unknown}
 h - a scroll of enchant weapon {unknown}
 i - 4 scrolls of identify {unknown}
 l - 3 scrolls of remove curse {unknown}
 q - a scroll of enchant armour {unknown}
 t - a scroll of fog {unknown}
 u - a scroll of blinking {unknown}
 w - a scroll of fear {unknown}
Potions
 d - a potion of berserk rage {unknown}
 e - 2 potions of agility
 j - 2 potions of brilliance {unknown}
 m - a potion of lignification
 n - a potion of heal wounds {unknown}
 s - a potion of haste {unknown}
 v - a potion of mutation {unknown}
Books
 b - a book of Callings

   Spells                             Type                      Level
   a - Summon Small Mammal            Summoning                    1
   b - Call Imp                       Summoning                    2
   c - Call Canine Familiar           Summoning                    3
   d - Summon Guardian Golem          Hexes/Summoning              3
   e - Summon Lightning Spire         Summoning/Air                4
   f - Summon Ice Beast               Ice/Summoning                4
Comestibles
 c - 3 bread rations
 o - a fruit
 p - a royal jelly


   Skills:
 + Level 1.0 Polearms
 - Level 1.7 Dodging
 - Level 1.7 Stealth
 - Level 2.0 Spellcasting
 * Level 5.8 Summonings


You had 3 spell levels left.
You knew the following spells:

 Your Spells              Type           Power        Failure   Level  Hunger
a - Summon Small Mammal   Summ           ###.         1%          1    #......
b - Call Canine Familiar  Summ           ###.....     8%          3    ###....


Dungeon Overview and Level Annotations

Branches:
Dungeon (4/15)
 Temple: D:4-7

Altars:
Elyvilon


Innate Abilities, Weirdness & Mutations

((You are partially covered in thin metallic scales. (AC +2)))


Message History

You feel sick.
Your hound bites the worker ant.
The worker ant bites your hound.
* * * LOW HITPOINT WARNING * * *
You feel sick.
Something bites your hound but does no damage.
There is a stone staircase leading up here.
* * * LOW HITPOINT WARNING * * *
You feel sick.
You climb upwards.
* * * LOW HITPOINT WARNING * * *
You feel sick.
There is a stone staircase leading down here.
It was a potion of agility.
You feel agile all of a sudden.
* * * LOW HITPOINT WARNING * * *
You feel sick.
It was a potion of lignification.
You turn into a tree.
Your +0 cloak melds into your body.
Your +0 ring mail melds into your body.
Your roots penetrate the ground.
You die...

.....# #.#.......#.#.#
####.# #.###.###.#.#.#
...#.# #.#<......#.#.#
.#.#.# #.#.#######.#.#
.#.#.###.#.........#.#
.......#.###########.#
...#.#...........# #.#
...#.#...#######.###.#
................♣....#
.#####..##############
.................#
.#####..########.# .#
#..# #.# .# #..# #.#
.# #..########.# .#
#...........# .#
#.###########


There were no monsters in sight!

Vanquished Creatures
  An adder (D:3)
  A worm (D:3)
  A ball python (D:3)
  3 goblins
  A hobgoblin (D:3)
  3 frilled lizards
  3 kobolds
  A quokka skeleton (D:3)
  3 rats
17 creatures vanquished.

Vanquished Creatures (collateral kills)
  The ghost of Goblin1989 the Cudgeler, a weakling BaFi (D:3)
  2 adders (D:2)
  An ooze (D:2)
  3 worms
  A dart slug (D:1)
  A leopard gecko (D:3)
  3 giant cockroaches
  7 goblins
  7 hobgoblins
  A ball python (D:2)
  8 bats
  3 frilled lizards
  7 kobolds
  4 rats
49 creatures vanquished.

Grand Total: 66 creatures vanquished

Notes
Turn   | Place    | Note
-------+----------+-------------------------------------------
     0 | D:1      | Klosterheim the Demonspawn Summoner began the quest for the Orb.
     0 | D:1      | Reached XP level 1. HP: 13/13 MP: 3/3
   776 | D:1      | Gained mutation: You are partially covered in thin metallic scales. (AC +2) [demonic ancestry]
   776 | D:1      | Reached XP level 2. HP: 19/19 MP: 1/5
  1792 | D:2      | Reached skill level 5 in Summonings
  1792 | D:2      | Reached XP level 3. HP: 16/24 MP: 2/6
  2349 | D:2      | Found a white marble altar of Elyvilon.
  2629 | D:2      | Learned a level 3 spell: Call Canine Familiar
  3013 | D:3      | Noticed Goblin1989's ghost (weakling BaFi)
  3049 | D:3      | Killed Goblin1989's ghost
  3049 | D:3      | Reached XP level 4. HP: 15/30 MP: 2/7
  3849 | D:3      | Reached skill level 1 in Polearms
  4211 | D:3      | HP: 1/30 [poisoned by a worker ant]
  4212 | D:3      | Succumbed to a worker ant's poison

Vault maps used:
D:1:      minmay_arrival_solitary_statue, roderic_lattice_a
D:2:      elyvilon_altar_1, minmay_octomino_c4
D:3:      minmay_door_path, portal_sewer_entry_f
D:4:      hangedman_decor_push, tgw_kikubaaqudgha

Skill      XL: |  1  2  3  4 |
---------------+-------------+-----
Summonings     | 5 |  5.8
Polearms       | 1 |  1.0
Dodging        | |  1.7
Stealth        | |  1.7
Spellcasting   | |  2.0

Action                   |  1- 3 |  4- 6 || total
-------------------------+-------+-------++-------
Melee: Unarmed           |    94 |       ||    94
       Spear             |    12 |    53 ||    65
 Cast: Summon Small Mamm |    78 |     2 ||    80
       Call Canine Famil |     4 |     4 ||     8
  Use: Potion            |       |     2 ||     2
 Stab: Distracted        |     1 |       ||     1
       Sleeping          |       |     1 ||     1
  Eat: Chunk             |     8 |     4 ||    12
Armor: Robe              |    57 |     9 ||    66
       Ring mail         |       |     1 ||     1
Dodge: Dodged            |   126 |    30 ||   156
